 Dungeon Crawl Stone Soup version 0.25-a0-785-gb22c70e859 (webtiles) character file.

Game seed: 14662890777207925529, levelgen mode: deterministic

12 Asagix the Charlatan (level 2, 0/21 HPs)
             Began as a Human Artificer on Apr 17, 2020.
             Slain by a frilled lizard (1 damage)
             ... on level 1 of the Dungeon.
             The game lasted 00:03:41 (196 turns).

Asagix the Charlatan (Human Artificer)               Turns: 196, Time: 00:03:42

Health: 0/21       AC:  3    Str: 12    XL:     2   Next: 45%
Magic:  4/4        EV: 12    Int: 11    God:
Gold:   20         SH:  0    Dex: 13    Spells: 1/1 levels left

rFire    . . .     SeeInvis .   a - +0 short sword
rCold    . . .     Gourm    .   (no shield)
rNeg     . . .     Faith    .   b - +0 leather armour
rPois    .         Spirit   .   (no helmet)
rElec    .         Reflect  .   (no cloak)
rCorr    .         Harm     .   (no gloves)
MR       .....                  (no boots)
Stlth    +.........             (no amulet)
HPRegen  0.07/turn              (no ring)
MPRegen  0.09/turn              (no ring)

@: no status effects
A: no striking features
a: no special abilities


You were on level 1 of the Dungeon.
You were not hungry.

You visited 1 branch of the dungeon, and saw 1 of its levels.

You collected 20 gold pieces.

Inventory:

Hand Weapons
 a - a +0 short sword (weapon)
Armour
 b - a +0 leather armour (worn)
Wands
 c - a wand of flame (7)
 d - a wand of enslavement (11)
 e - a wand of random effects (15)
Comestibles
 f - 2 rations


   Skills:
 + Level 1.1 Fighting
 + Level 1.1 Short Blades
 + Level 2.2 Dodging
 + Level 1.0 Stealth
 + Level 3.4 Evocations


You had one spell level left.
You didn't know any spells.
Your spell library was empty.

Dungeon Overview and Level Annotations

Branches:
Dungeon (1/15)

Altars:


Message History

The puff of flame hits the hobgoblin!
You kill the hobgoblin!
Evoke which item? (* to show all) (? for menu, Esc to quit)
Aiming: Throw Flame
Press: ? - help, Shift-Dir - straight line, f - frilled lizard
Aim: a frilled lizard The puff of flame misses the frilled lizard.
The puff of flame misses the kobold.
The puff of flame hits the kobold!
You kill the kobold!
The frilled lizard bites you but does no damage.
That item cannot be evoked!
Evoke which item? (* to show all) (? for menu, Esc to quit)
Aiming: Throw Flame
Press: ? - help, Shift-Dir - straight line, f/p - frilled lizard
Aim: a frilled lizard The puff of flame misses the frilled lizard.
The puff of flame hits the kobold!
You kill the kobold!
The frilled lizard bites you.
You die... #...l.... ...#.#.. #..#...# #..#...###. #......(... #..#.)..... ### #.########..#....... ..### #.....@l))..........
PPP.#

###########).##......
♣P..######..(..(())(..# .K...
♣♣PP......#..######..........
♣♣P♣.##♣♣♣♣♣#.# #..##......
♣..P.# ♣.# #.... ..... P♣...#
..# ##.##. ## . .PP.## ♣##
#.# .# ....# #.# #


You could see a frilled lizard.

Vanquished Creatures
  A goblin (D:1)
  4 hobgoblins (D:1)
  4 kobolds (D:1)
  2 rats (D:1)
11 creatures vanquished.

Vanquished Creatures (collateral kills)
  A bat (D:1)
1 creature vanquished.

Vanquished Creatures (others)
  A rat (D:1)
1 creature vanquished.

Grand Total: 13 creatures vanquished

Notes
Turn   | Place    | Note
-------+----------+-------------------------------------------
     0 | D:1      | Asagix the Human Artificer began the quest for the Orb.
     0 | D:1      | Reached XP level 1. HP: 15/15 MP: 3/3
   167 | D:1      | Reached XP level 2. HP: 6/21 MP: 4/4
   193 | D:1      | HP: 1/21 [hobgoblin (4)]
   196 | D:1      | Slain by a frilled lizard

Levels and vault maps discovered:
D:1:      dpeg_arrival_lava_altar, layout_basic, serial_forest,
          infiniplex_forest_clump_medium, infiniplex_forest_end_1,
          infiniplex_forest_end_3, infiniplex_forest_zigzag_1,
          infiniplex_forest_end_1, minivault_25

Action                   || total
-------------------------++-------
Melee: Short sword       ||    39
Evoke: Wand              ||    12
Armor: Leather armour    ||    13
Dodge: Dodged            ||    29

Table legend:
 A = Non-vault XP
 B = Vault XP
 C = Vault XP percentage of total XP
 D = Non-vault monster count
 E = Vault monster count
 F = Vault count percentage of total count
                 A         B        C        D         E       F
            +---------+---------+-------+---------+---------+-------
      Total |      18 |       0 |   0.0 |      12 |       0 |   0.0
            +---------+---------+-------+---------+---------+-------
        D:1 |      18 |       0 |   0.0 |      12 |       0 |   0.0
            +---------+---------+-------+---------+---------+-------
